 Dungeon Crawl Stone Soup version 0.28-a0-1002-gf00fe891ef (webtiles) character file.

Game seed: 4446370015474267147

1112 voltaire321 the Sneak (level 8, -2/48 HPs)
             Began as a Kobold Earth Elementalist on Dec 6, 2021.
             Slain by Duvessa (14 damage)
             ... on level 4 of the Dungeon.
             The game lasted 00:20:49 (6523 turns).

voltaire321 the Sneak (Kobold Earth Elementalist)   Turns: 6523, Time: 00:20:49

Health: -2/48      AC:  7    Str:  7    XL:     8   Next: 59%
Magic:  14/14      EV: 15    Int: 23    God:
Gold:   268        SH:  0    Dex: 15    Spells: 9/15 levels left

rFire   . . .      SeeInvis .   l - +4 club (spect)
rCold   . . .      Faith    .   (shield restricted)
rNeg    . . .      Spirit   .   t - +3 leather armour {rPois}
rPois   +          Reflect  .   (no helmet)
rElec   .          Harm     .   v - +0 cloak
rCorr   .          Rampage  .   (no gloves)
Will    +....                   (no boots)
Stlth   ++++......              (no amulet)
HPRegen 0.16/turn               o - ring of willpower
MPRegen 0.14/turn               k - +6 ring of intelligence

@: no status effects
A: small, no large weapons, nightstalker 3
a: no special abilities


You were on level 4 of the Dungeon.
You visited 1 branch of the dungeon, and saw 5 of its levels.

You collected 268 gold pieces.

Inventory:

Hand Weapons
 d - a +0 dagger
 l - a +4 spectral club (weapon)
 u - a +0 rapier
Missiles
 c - 108 stones
 g - 37 poisoned darts (quivered)
 j - 5 boomerangs
Armour
 m - a +2 robe of fire resistance
 t - a +3 leather armour of poison resistance (worn)
 v - a +0 cloak (worn)
Jewellery
 a - a ring of resist corrosion
 k - a +6 ring of intelligence (right hand)
 o - a ring of willpower (left hand)
Wands
 b - a wand of paralysis (13)
Scrolls
 n - a scroll of acquirement {unknown}
 p - a scroll of teleportation
 q - 2 scrolls of vulnerability {unknown}
 r - a scroll of immolation
Potions
 e - 2 potions of berserk rage
 f - a potion of brilliance
 h - 3 potions of curing
 i - a potion of haste
 s - a potion of flight {unknown}


   Skills:
 + Level 3.9 Fighting
 + Level 5.0 Short Blades
 + Level 0.3 Armour
 + Level 5.0 Dodging
 + Level 5.9 Stealth
 + Level 4.2 Spellcasting
 - Level 2.0 Transmutations
 + Level 4.8 Earth Magic


You had 9 spell levels left.
You knew the following spells:

 Your Spells              Type           Power      Damage    Failure   Level
a - Sandblast             Erth           54%        2d13      1%          1
b - Passwall              Tmut/Erth      16%        N/A       5%          2
c - Stone Arrow           Conj/Erth      30%        3d8       17%         3

Your spell library contained the following spells:

 Spells                   Type           Power      Damage    Failure   Level
 Foxfire                  Conj/Fire      16%        2x1d4     16%         1
 Petrify                  Tmut/Erth      20%        N/A       36%         4
 Conjure Flame            Conj/Fire      4%         6-21      41%         3
 Inner Flame              Hex/Fire       4%         N/A       41%         3
 Flame Wave               Conj/Fire      4%         2d4       83%         4


Dungeon Overview and Level Annotations

Branches:
Dungeon (5/15)
 Temple: D:4-7

Altars:
Ashenzari
Dithmenos
Makhleb
Nemelex Xobeh
Sif Muna
Zin

Annotations:
D:2 Sigmund
D:4 Duvessa
D:5 1 runed translucent door, RancidPinata's ghost, weakling GrDe


Innate Abilities, Weirdness & Mutations

You are small and have problems with some larger weapons.
You are completely attuned to the shadows.


Message History

Dowan is severely wounded.
Your +4 spectral club hits Dowan.
Dowan smirks and points a slender finger.
Dowan hits you but does no damage. Dowan hits you with a +0 dagger.
You barely miss Dowan.
Dowan is almost dead.
Your +4 spectral club misses Dowan.
Dowan closely misses you.
You hit Dowan.
You kill Dowan!
Duvessa shouts!
Duvessa screams in rage.
Duvessa goes berserk!
Your Short Blades skill increases to level 5!
Your Dodging skill increases to level 5!
You barely miss Duvessa.
Your +4 spectral club hits Duvessa but does no damage.
Duvessa hits you but does no damage. Duvessa hits you with a +0 rapier!
You hit Duvessa.
Duvessa is lightly wounded.
Your +4 spectral club hits Duvessa.
Duvessa hits you with a +0 rapier!!
* * * LOW HITPOINT WARNING * * *
Duvessa hits you with a +0 rapier.
* * * LOW HITPOINT WARNING * * *
You hit Duvessa but do no damage.
Duvessa is lightly wounded.
Your +4 spectral club hits Duvessa.
Duvessa hits your +4 spectral club with a +0 rapier.
Your spectral weapon shares its damage with you!
* * * LOW HITPOINT WARNING * * *
Duvessa closely misses your +4 spectral club.
Okay, then.
There is a stone staircase leading up here.
Duvessa hits you but does no damage.
You climb upwards.
There is a stone staircase leading down here.
You hit Duvessa.
Duvessa is lightly wounded.
Your +4 spectral club hits Duvessa.
Duvessa completely misses you. Duvessa hits you with a +0 rapier!
You die...

####### ## #...#.#### .####
##.#.#....# ....#
#....#.##.# .##.#
####....#.##.#
.##.####.......#.##.#
................@##.#
####.###.#.....(e##.#
#..##.#..##.#.##.#
##.##.#..#....##.#
#..#.#..#.....#.###########
##..........[.............#
#.......#....#.#########.#
#..............# #.#
#.......#.#.############.##


You could see Duvessa (berserk) and a friendly +4 spectral club (summoned,
wandering).

Vanquished Creatures
  Eustachio (D:5)
  An ogre (D:4)
  A gnoll sergeant (D:5)
  A water moccasin zombie (D:5)
  A scorpion (D:5)
  Dowan (D:5)
  A centaur zombie (D:5)
  4 hounds
  4 orc priests
  2 jellies (D:5)
  Jessica (D:2)
  An iguana (D:5)
  An orc wizard (D:3)
  A hound skeleton (D:5)
  6 gnolls
  6 adders
  An adder skeleton (D:5)
  A worm (D:3)
  3 dart slugs
  12 orcs
  4 endoplasms
  A giant cockroach (D:1)
  9 goblins
  11 hobgoblins
  4 jackals (D:3)
  5 quokkas
  5 ball pythons
  5 bats
  2 frilled lizards
  9 kobolds
  4 rats
109 creatures vanquished.

Notes
Turn   | Place    | Note
-------+----------+-------------------------------------------
     0 | D:1      | voltaire321 the Kobold Earth Elementalist began the quest
                  | for the Orb.
     0 | D:1      | Reached XP level 1. HP: 10/10 MP: 3/3
   267 | D:1      | Reached XP level 2. HP: 14/16 MP: 3/5
   721 | D:1      | Found a faded altar of an unknown god.
   795 | D:1      | Reached skill level 1 in Short Blades
   806 | D:1      | Reached XP level 3. HP: 20/20 MP: 6/6
  1198 | D:2      | Reached skill level 1 in Fighting
  1683 | D:2      | Noticed Sigmund
  1717 | D:1      | Reached XP level 4. HP: 7/25 MP: 4/7
  2189 | D:2      | Noticed Jessica
  2194 | D:2      | Killed Jessica
  3361 | D:3      | Reached XP level 5. HP: 29/29 MP: 8/8
  3370 | D:3      | Found a shadowy altar of Dithmenos.
  3890 | D:3      | Reached XP level 6. HP: 27/35 MP: 10/10
  3893 | D:3      | Found a sparkling altar of Nemelex Xobeh.
  3902 | D:3      | Found a burning altar of Makhleb.
  3902 | D:3      | Found a broken altar of Ashenzari.
  3923 | D:3      | Learned a level 2 spell: Passwall
  3927 | D:3      | Learned a level 3 spell: Stone Arrow
  4289 | D:3      | Found a shimmering blue altar of Sif Muna.
  4569 | D:4      | Noticed an ogre
  5262 | D:4      | Killed an ogre
  5263 | D:4      | Reached XP level 7. HP: 40/40 MP: 10/12
  5554 | D:5      | Entered Level 5 of the Dungeon
  5647 | D:5      | Reached skill level 5 in Stealth
  5815 | D:5      | Noticed Eustachio
  5905 | D:4      | Reached XP level 8. HP: 31/46 MP: 13/13
  6156 | D:5      | Found a glowing silver altar of Zin.
  6156 | D:5      | Noticed an angel
  6281 | D:5      | Killed Eustachio
  6356 | D:5      | Found a runed translucent door.
  6358 | D:5      | Noticed RancidPinata's ghost (weakling GrDe)
  6507 | D:5      | Noticed Dowan
  6508 | D:5      | Noticed Duvessa
  6516 | D:5      | Killed Dowan
  6517 | D:5      | Reached skill level 5 in Short Blades
  6517 | D:5      | Reached skill level 5 in Dodging
  6523 | D:4      | Slain by Duvessa

Illustrated notes

Levels and vault maps discovered:
D:1:      nzn_arrival_depleted_hourglass, layout_rooms, basic_ecumenical_altar
D:2:      layout_loops_corners, minmay_close_crescents, uniq_sigmund,
          uniq_jessica
D:3:      layout_rooms, amcnicky_altar_gilded, grunt_temple_overflow_open
D:4:      layout_basic
D:5:      layout_gridville, zin_angel, ebering_ghost_inner_flame,
          uniq_crazy_yiuf_cottage, uniq_eustachio, uniq_duvessa

Skill      XL: |  1  2  3  4  5  6  7  8 |
---------------+-------------------------+-----
Short Blades   | 1 2 3 4 5 |  5.0
Stealth        | 3 4 5 |  5.9
Fighting       | 1 2 3 |  3.9
Dodging        | 3 4 5 |  5.0
Transmutations | 2 |  2.0
Spellcasting   | 3 4 |  4.2
Earth Magic    | 4 |  4.8
Armour         | |  0.3

Action                   |  1- 3 |  4- 6 |  7- 9 || total
-------------------------+-------+-------+-------++-------
Melee: Dagger            |    75 |     7 |       ||    82
       Club              |       |    98 |    84 ||   182
Throw: Dart              |     7 |     7 |     1 ||    15
 Cast: Sandblast         |    22 |     6 |       ||    28
  Use: Scroll            |       |     9 |       ||     9
       Potion            |       |     1 |       ||     1
 Stab: Sleeping          |     9 |     4 |     7 ||    20
       Distracted        |       |     3 |     3 ||     6
Armor: Robe              |    11 |    23 |    15 ||    49
       Leather armour    |       |       |     6 ||     6
Dodge: Dodged            |    56 |    74 |    75 ||   205

Table legend: (Time is in decaauts)
 A = Elapsed time spent in this place.
 B = Non-inter-level travel time spent in this place.
 C = Inter-level travel time spent in this place.
 D = Time resting spent in this place.
 E = Time spent auto-exploring this place.
 F = Levels seen in this place.
 G = Mean time per level.
                   A        B        C        D        E       F      G
               +--------+--------+--------+--------+--------+-----+--------+
         Total |   6574 |   6405 |    169 |   2353 |   2352 |   5 | 1314.8 |
       Dungeon |   6574 |   6405 |    169 |   2353 |   2352 |   5 | 1314.8 |
               +--------+--------+--------+--------+--------+-----+--------+

Top non-repeatable levels by time:
     D:2: 2156 daAuts
     D:1: 1421 daAuts
     D:4: 1177 daAuts
     D:3: 952 daAuts
     D:5: 866 daAuts
